AoeStats
← Stanko2026

Black Forest

506824200Analyzed
1v1 RM · 16d ago on Sep 15, 2026· 50m 29s· 2 players
Game mode
Random Map
Map size
Tiny (2 player)
Population
200
Speed
Normal
Resources
Standard
Victory
Conquest
Starting age
Dark Age
Ending age
Imperial Age
RankedLock teamsTeams togetherTeam positionsShared explorationLock speedFull tech treeHidden civsTurbo modeCheats
Victory
Defeat
🇩🇪 Teutons · Germany
734
+15
🇧🇷 Bohemians · Brazil
704
-15
Mestrão 100%Jesus
0:34 Loom
12:57 Feudal Age
13:31 Horse Collar
13:37 Double-Bit Axe
20:32 Castle Age
22:07 Heavy Plow
28:00 Ballistics
27:19 Pikeman
43:34 Imperial Age
41:36 Bow Saw
43:45 Wheelbarrow
44:46 Chemistry
47:01 Elite Hussite Wagon
Stanko2026
0:28 Loom
16:51 Feudal Age
17:18 Double-Bit Axe
17:14 Horse Collar
17:28 Gold Mining
17:28 Stone Mining
18:32 Arson
18:10 Man-at-Arms
19:44 Bloodlines
21:00 Scale Barding Armor
27:27 Castle Age
28:04 Stone Mining
28:17 Heavy Plow
28:29 Bow Saw
28:48 Chain Barding Armor
28:28 Padded Archer Armor
28:19 Fletching
28:32 Pikeman
29:14 Squires
28:36 Elite Skirmisher
29:17 Scale Mail Armor
29:28 Forging
32:16 Town Watch
36:44 Imperial Age
37:23 Bodkin Arrow
37:43 Leather Archer Armor
39:20 Crop Rotation
40:22 Chemistry
40:18 Ballistics
39:31 Halberdier
43:24 Two-Man Saw
44:04 Plate Barding Armor
43:45 Chain Mail Armor
44:01 Ring Archer Armor
44:18 Conscription
44:29 Town Patrol
45:05 Wheelbarrow
45:54 Wheelbarrow
44:48 Cavalier
47:50 Paladin
Connection lost

Rejoining the realm…

Still unreachable

The connection could not be restored.

Session expired

The server has moved on; the page needs a fresh start.